Map: Year Zero LE

Players

Serral

  • Race: Zerg Zerg
  • League: Master
  • Spawn Location: 1:00

Reynor - Winner!

  • Race: Zerg Zerg
  • League: Master
  • Spawn Location: 11:00

Event: 2019 WCS Winter Europe

VOD

Have the link to the VOD?

Description

Time

  • Played on: March 24, 2019, 9:33 a.m.
  • Length: 14:32

All games in this series

Show
View Real Time Build Order
Export as new Build Order

Serral Zerg 

Build Orders: Hatch First 

Get SALT Encoding   

  12  0:00  Drone  
  13  0:13  Overlord  
  13  0:18  Drone  
  14  0:31  Drone x2  
  16  0:50  Hatchery  
  16  0:53  Drone  
  16  0:56  Drone  
  17  1:00  Drone  
  18  1:11  Extractor  
  17  1:16  Spawning Pool  
  16  1:19  Drone  
  16  1:22  Drone  
  18  1:29  Drone  
  19  1:40  Drone  
  20  1:50  Drone  
  21  2:00  Overlord  
  21  2:02  Queen  
  21  2:03  Queen, Zergling x2  
  26  2:11  Metabolic Boost  
  26  2:12  Drone  
  26  2:14  Drone  
  28  2:22  Drone  
  29  2:24  Drone  
  30  2:37  Hatchery  
  30  2:40  Drone  
  30  2:42  Drone  
  32  2:44  Drone  
  32  2:47  Drone  
  33  2:54  Overlord  
  33  3:00  Drone  
  33  3:01  Baneling Nest  
  33  3:06  Drone  
  33  3:11  Zergling x4  
  36  3:13  Zergling x6  
  36  3:14  Zergling x2  
  36  3:18  Overlord  
  40  3:22  Zergling x2  
  40  3:23  Drone  
  42  3:28  Queen  
  44  3:35  Evolution Chamber  
  44  3:37  Drone x2  
  45  3:41  Drone  
  45  3:44  Drone x3  
  45  3:48  Overlord  
  49  3:52  Drone  
  49  3:53  Drone  
  51  3:56  Baneling x2  
  51  3:58  Zergling x2  
  51  3:59  Drone  
  53  4:05  Drone x2  
  53  4:07  Zerg Missile Weapons Level 1  
  54  4:14  Roach Warren, Drone x2  
  55  4:17  Drone x2  
  55  4:19  Drone  
  55  4:23  Lair  
  58  4:26  Extractor x2  
  58  4:27  Drone  
  58  4:29  Drone x2  
  59  4:32  Drone  
  59  4:34  Overlord  
  59  4:36  Drone  
  59  4:37  Drone  
  62  4:42  Drone x3  
  65  4:47  Overlord  
  65  4:49  Drone  
  65  4:54  Drone x3  
  65  4:57  Overlord  
  65  4:58  Pneumatized Carapace  
  65  4:59  Drone x2  
  69  5:03  Roach  
  69  5:04  Roach  
  69  5:05  Baneling x2  
  73  5:08  Roach  
  73  5:10  Extractor  
  73  5:11  Extractor x2, Drone  
  73  5:12  Drone  
  73  5:13  Drone  
  75  5:16  Overlord  
  75  5:20  Drone x3  
  78  5:23  Drone x2  
  78  5:25  Overseer  
  78  5:27  Glial Reconstitution  
  80  5:29  Drone x2  
  80  5:31  Drone  
  80  5:32  Drone  
  80  5:35  Drone x3  
  87  5:44  Overlord x2  
  87  5:49  Roach x3  
  95  5:50  Roach  
  95  5:52  Overlord  
  95  5:54  Overlord  
  95  6:01  Roach  
  95  6:04  Baneling x8  
  95  6:09  Roach x5  
  105  6:14  Overlord  
  105  6:17  Nydus Network  
  102  6:21  Roach x3  
  102  6:24  Zerg Missile Weapons Level 2  
  108  6:28  Roach x2  
  108  6:31  Overlord  
  112  6:33  Overlord  
  112  6:34  Overseer  
  112  6:35  Overseer  
  112  6:37  Roach x2  
  116  6:40  Roach  
  116  6:42  Roach x2  
  116  6:47  Roach x3  
  127  6:53  Nydus Canal  
  133  6:54  Roach x3  
  133  7:03  Roach x5  
  133  7:06  Roach  
  133  7:07  Roach x2  
  148  7:09  Nydus Canal  
  148  7:10  Roach  
  148  7:12  Roach  
  148  7:13  Roach  
  148  7:16  Roach  
  148  7:19  Roach x2  
  154  7:24  Nydus Canal  
  152  7:40  Drone  
  152  7:41  Nydus Canal  
  152  7:42  Infestation Pit  
  152  7:53  Overseer, Nydus Canal  
  152  7:54  Roach  
  152  7:56  Overlord  
  152  7:57  Overlord x4  
  154  8:09  Nydus Canal  
  154  8:11  Hatchery  
  153  8:12  Overlord  
  153  8:13  Overlord  
  153  8:16  Roach x13  
  179  8:23  Nydus Canal  
  179  8:25  Roach x2  
  183  8:27  Roach  
  183  8:31  Roach x4  
  183  8:33  Roach x2  
  183  8:34  Roach  
  198  8:37  Hive  
  198  9:00  Overlord  
  198  9:01  Roach x3  
  194  9:05  Drone x2  
  194  9:06  Roach x2  
  194  9:07  Roach x2  
  194  9:08  Zerg Ground Armor Level 1  
  194  9:09  Roach x4  
  194  9:15  Roach x2  
  198  9:18  Nydus Canal  
  198  9:19  Roach x2  
  198  9:21  Roach  
  198  9:22  Roach, Extractor  
  181  9:26  Extractor  
  181  9:27  Roach x2  
  181  9:29  Roach  
  181  9:30  Roach  
  165  9:32  Roach  
  165  9:35  Roach  
  149  9:38  Drone x2  
  149  9:39  Drone x3  
  149  9:42  Roach  
  149  9:44  Nydus Canal  
  152  9:46  Burrow  
  152  9:47  Roach  
  152  9:51  Zergling x8  
  158  9:52  Roach  
  158  9:55  Ravager  
  158  9:56  Ravager x3  
  162  10:03  Roach x4, Overseer  
  156  10:07  Roach x2  
  156  10:08  Roach  
  156  10:10  Baneling x5  
  156  10:11  Baneling  
  156  10:13  Baneling x2  
  160  10:17  Roach x2  
  160  10:19  Roach  
  166  10:23  Viper  
  166  10:24  Overseer  
  169  10:33  Viper  
  169  10:35  Queen, Viper  
  174  10:39  Overlord, Overseer  
  177  10:43  Roach x4  
  177  10:44  Roach  
  177  10:45  Roach  
  177  10:47  Roach x2  
  193  10:53  Roach x2  
  197  10:57  Roach  
  197  11:02  Zerg Missile Weapons Level 3  
  197  11:04  Nydus Canal  
  197  11:11  Overseer  
  197  11:14  Hydralisk Den  
  196  11:21  Viper  
  196  11:25  Nydus Canal  
  151  11:41  Roach x8  
  151  11:43  Roach x8  
  170  11:54  Roach x9  
  166  12:01  Overseer  
  166  12:05  Roach x3  
  172  12:14  Ravager x3  
  172  12:15  Ravager x2  
  177  12:16  Roach x4  
  185  12:30  Hatchery, Nydus Canal  
  185  12:36  Roach x5  
  185  12:37  Roach x2  
  189  12:39  Overseer x2  
  181  12:47  Overseer  
  181  12:49  Roach  
  181  12:50  Roach x5  
  188  13:02  Roach x4  
  188  13:04  Nydus Canal  
  196  13:07  Overseer  
  196  13:13  Nydus Canal, Drone  
  197  13:29  Roach  
  197  13:30  Roach x3  
  197  13:31  Roach  
  197  13:32  Roach x5  
  197  13:34  Roach  
  181  13:38  Roach  
  153  13:43  Roach  
  153  13:46  Roach  
  153  13:47  Roach  
  157  13:51  Roach x2  
  157  13:53  Roach  
  131  13:57  Roach  
  131  13:59  Roach  
  131  14:01  Roach  
  137  14:05  Roach  
  137  14:06  Roach  
  137  14:08  Overseer  
  141  14:11  Roach x2  
Show
View Real Time Build Order
Export as new Build Order

Reynor Zerg - Winner!

Build Orders: Hatch First, Lurkers 

Get SALT Encoding   

  12  0:00  Drone  
  13  0:13  Overlord  
  13  0:17  Drone  
  14  0:31  Drone x2  
  14  0:35  Drone  
  17  0:52  Hatchery  
  17  0:56  Drone  
  17  0:58  Drone  
  18  1:10  Extractor  
  17  1:14  Spawning Pool  
  17  1:17  Drone  
  17  1:20  Drone  
  18  1:29  Drone  
  19  1:39  Drone  
  20  1:49  Drone  
  21  2:00  Extractor, Queen  
  23  2:05  Queen, Drone  
  26  2:08  Overlord  
  26  2:10  Metabolic Boost  
  26  2:11  Drone  
  27  2:17  Zergling x2  
  28  2:28  Drone x2  
  30  2:38  Hatchery  
  30  2:41  Drone  
  30  2:43  Drone  
  31  2:48  Evolution Chamber  
  31  2:50  Drone  
  31  2:53  Drone  
  31  2:57  Overlord  
  32  3:01  Drone  
  33  3:06  Zergling x2  
  33  3:07  Zergling x2  
  33  3:11  Drone  
  36  3:13  Zerg Melee Weapons Level 1  
  36  3:18  Drone  
  36  3:19  Queen  
  39  3:24  Drone  
  39  3:25  Drone  
  39  3:26  Drone  
  42  3:30  Overlord  
  42  3:32  Drone  
  43  3:35  Zergling x2  
  43  3:41  Evolution Chamber  
  43  3:42  Zergling x2  
  43  3:44  Overlord  
  44  3:49  Zergling x6  
  44  3:52  Drone x2  
  49  3:58  Lair  
  50  4:04  Zergling x4  
  50  4:07  Drone x2  
  53  4:12  Drone x2  
  53  4:14  Drone x4  
  53  4:16  Extractor  
  58  4:20  Baneling Nest  
  58  4:23  Zergling x2  
  58  4:25  Drone  
  58  4:27  Overlord  
  58  4:29  Drone  
  58  4:30  Drone  
  61  4:33  Zergling x4  
  61  4:36  Drone  
  61  4:37  Drone  
  65  4:41  Overlord, Drone  
  66  4:45  Overlord  
  66  4:47  Drone x2  
  66  4:48  Drone  
  69  4:58  Drone x4  
  72  5:02  Zergling x2, Hydralisk Den  
  72  5:05  Baneling  
  72  5:06  Baneling  
  72  5:07  Zergling x6  
  72  5:09  Extractor, Drone x3  
  72  5:11  Zergling x4  
  79  5:14  Zerg Melee Weapons Level 2  
  79  5:16  Overlord  
  80  5:21  Drone  
  80  5:22  Drone  
  80  5:25  Drone  
  82  5:35  Drone  
  82  5:38  Zergling x18  
  82  5:39  Hatchery, Zergling x2  
  91  5:44  Overlord  
  91  5:46  Lurker Den, Zergling x2  
  91  5:51  Zergling x2  
  91  5:55  Zergling x4  
  90  6:05  Zergling x2  
  90  6:06  Zergling x4  
  92  6:17  Drone x3  
  92  6:18  Queen, Drone  
  93  6:19  Extractor  
  93  6:20  Hydralisk x4  
  93  6:22  Hydralisk  
  93  6:23  Hatchery  
  102  6:26  Zergling x6  
  102  6:29  Overlord  
  102  6:31  Zergling x2  
  105  6:34  Overlord  
  105  6:41  Overlord  
  105  6:44  Zergling x2  
  105  6:46  Overlord  
  106  6:49  Zergling x10  
  106  6:50  Zergling x2  
  110  6:54  Zergling x2  
  110  6:57  Drone  
  110  6:59  Zergling x2  
  108  7:02  Drone x2  
  108  7:05  Zergling x2  
  109  7:08  Drone x3  
  109  7:12  Lurker x5  
  109  7:13  Zergling x12  
  120  7:15  Zergling x6  
  120  7:18  Zergling x2  
  120  7:22  Overlord  
  116  7:23  Zergling x2  
  116  7:28  Extractor, Queen  
  116  7:29  Extractor, Queen  
  116  7:33  Zergling x4  
  116  7:34  Zergling x2  
  117  7:37  Zergling x16  
  124  7:44  Zerg Ground Armor Level 1  
  124  7:45  Zergling x4  
  124  7:48  Hydralisk x2  
  130  8:02  Infestation Pit  
  130  8:03  Zergling x8  
  130  8:04  Hatchery  
  132  8:06  Zergling x4  
  132  8:07  Overlord  
  132  8:10  Zergling x2  
  131  8:20  Overlord  
  131  8:23  Zergling x18  
  131  8:27  Zergling x4  
  141  8:31  Overlord  
  141  8:34  Zergling x2  
  140  8:38  Zergling x10  
  145  8:46  Hive  
  145  8:47  Extractor, Zergling x8  
  145  8:48  Zergling x12  
  154  8:50  Lurker  
  154  8:51  Lurker  
  156  8:58  Zergling x6  
  156  9:00  Overlord  
  156  9:01  Zergling x2  
  149  9:05  Spore Crawler  
  135  9:17  Zergling x18  
  132  9:18  Zergling x6  
  130  9:25  Overlord, Infestor  
  130  9:29  Zergling x12  
  123  9:32  Zergling x2  
  123  9:34  Zergling x6  
  123  9:37  Zergling x8  
  115  9:41  Hydralisk x2  
  110  9:52  Hydralisk, Zergling x2  
  113  9:53  Zergling x12  
  119  10:00  Adaptive Talons  
  119  10:01  Zergling x8  
  117  10:09  Lurker x2  
  117  10:10  Drone x4  
  117  10:13  Adrenal Glands  
  123  10:17  Zergling x4  
  124  10:21  Lurker  
  125  10:29  Hydralisk x3  
  125  10:30  Zergling x8  
  135  10:38  Zergling x8  
  139  10:45  Drone x7  
  145  10:50  Zerg Melee Weapons Level 3  
  145  10:54  Lurker x2  
  145  10:57  Zergling x10  
  147  11:04  Hydralisk x3  
  147  11:10  Zergling x10  
  157  11:23  Zergling x26  
  165  11:37  Zergling x14  
  165  11:38  Zergling x8  
  150  11:42  Queen  
  150  11:43  Hydralisk  
  146  11:51  Lurker  
  140  11:59  Lurker x3  
  140  12:00  Drone x9  
  151  12:08  Hydralisk x2  
  151  12:09  Zergling x2  
  151  12:13  Hydralisk x2  
  160  12:17  Lurker  
  160  12:19  Zergling x6  
  160  12:20  Zergling x6  
  167  12:36  Zergling x22  
  167  12:37  Zergling x2  
  167  12:45  Zergling x10  
  167  12:47  Hatchery  
  167  12:51  Hydralisk x2  
  167  12:52  Zergling x2  
  167  12:53  Hydralisk, Zergling x2  
  167  12:54  Zergling x4  
  162  12:59  Hydralisk x2, Zergling x4  
  162  13:00  Zergling x2  
  169  13:06  Lurker x4  
  169  13:08  Zergling x4  
  169  13:09  Zergling x6  
  169  13:10  Zergling x2  
  179  13:18  Zergling x10  
  171  13:29  Zergling x16  
  163  13:36  Zergling x8  
  163  13:37  Zergling x8  
  163  13:39  Hydralisk  
  166  13:42  Zergling x4  
  161  13:49  Zergling x6  
  161  13:51  Hydralisk  
  161  13:53  Lurker x2  
  161  13:54  Lurker x2  
  161  13:55  Queen  
  168  13:57  Zergling x6  
  168  14:02  Zergling x10  
  175  14:06  Zergling x6  
  176  14:14  Zergling x4  
  176  14:15  Zergling x6  
Tags
 
Add a new tag
Caveats
  • Supply blocks, unpowered buildings, or Contaminate may cause inaccurate times.
  • Supply counts are checked every 10 seconds.